 Dungeon Crawl Stone Soup version 0.30-b1-2-g02819fbbbe (webtiles) character file.

Game seed: 799410126145320340

58 Armakuni the Slasher (level 4, -1/35 HPs)
             Began as a Human Cinder Acolyte on May 11, 2023.
             Was a High Priest of Ignis.
             Slain by Grinder (7 damage)
             ... on level 3 of the Dungeon.
             The game lasted 00:05:18 (2150 turns).

Armakuni the Slasher (Human Cinder Acolyte)         Turns: 2150, Time: 00:05:19

Health: -1/35      AC:  6    Str: 16    XL:     4   Next: 20%
Magic:  5/5        EV: 10    Int: 14    God:    Ignis [*****.]
Gold:   115        SH:  5    Dex:  7    Spells: 5/5 levels left

rFire   + . .        a - +0 falchion (flame)
rCold   . . .        (no shield)
rNeg    . . .        l - +0 ring mail
rPois   +            (no helmet)
rElec   .            (no cloak)
rCorr   .            (no gloves)
SInv    .            c - +0 pair of boots
Will    .....        H - amulet of reflection Stlth
                     (no ring)
HPRegen 0.25/turn    (no ring)
MPRegen 0.09/turn

%: reflection
@: rising, flying
A: clumsy 1, poison resistance, no potion heal 1
a: Renounce Religion, Fiery Armour, Foxfire Swarm


You were on level 3 of the Dungeon.
You worshipped Ignis.
Ignis was extremely pleased with you.
You visited 1 branch of the dungeon, and saw 3 of its levels.

You collected 115 gold pieces.

Inventory:

Hand Weapons
 a - a +0 falchion of flaming (weapon)
Armour
 c - a +0 pair of boots (worn)
 k - a +0 scale mail
 l - a +0 ring mail (worn)
Jewellery
 H - an amulet of reflection (around neck)
 M - an amulet of magic regeneration
Scrolls
 d - a scroll of fog
 h - a scroll of amnesia


   Skills:
 - Level 3.0 Fighting
 + Level 4.7 Long Blades
 - Level 1.0 Spellcasting
 - Level 3.0 Fire Magic


You had 5 spell levels left.
You didn't know any spells.
Your spell library contained the following spells:

 Spells                   Type           Power      Damage    Failure   Level
 Scorch                   Fire           18%        2d6       22%         2
 Apportation              Tloc           0%         N/A       45%         1
 Necrotise                Necr           0%         1d4       45%         1
 Summon Small Mammal      Summ           0%         N/A       45%         1
 Cigotuvi's Dreadful Rot  Necr/Pois/Air  0%         N/A       58%         2
 Ignite Poison            Fire/Tmut/Pois 3%         N/A       69%         3
 Freezing Cloud           Conj/Ice/Air   0%         6-21      100%        5


Dungeon Overview and Level Annotations

Branches:
Dungeon (3/15)

Altars:
Qazlal
Zin

Annotations:
D:3 Grinder


Innate Abilities, Weirdness & Mutations

You are clumsy. (Dex -2)
Your system is resistant to poisons. (rPois)
Potions are less effective at restoring your health.


Message History

Your transformation is almost over.
You suddenly lose the ability to move!
You can move again.
Unknown command.
Unknown command.
Unknown command.
You swing at nothing.
You miss something. Something hits you.
You writhe in agony.
You closely miss something. Something hits you but does no damage.
You hit something but do no damage.
You feel less wooden.
Your +0 pair of boots unmelds from your body.
Your +0 ring mail unmelds from your body.
Pain shoots through your body!
You miss something. Something hits you but does no damage.
You swing at nothing.
Something hits you!
You writhe in agony.
* * * LOW HITPOINT WARNING * * *
You feel much better.
You suddenly lose the ability to move!
Something hits you.
You can move again.
It was a potion of mutation.
You feel extremely strange.
Your system partially rejects the healing effects of potions.
You feel resistant to poisons.
You feel clumsy.
Unknown command.
You swing at nothing.
You shrug off the repeated paralysis!
Pain shoots through your body!
You swing at nothing.
You suddenly lose the ability to move!
You can move again.
Something hits you but does no damage. Something hits you.
You writhe in agony.
Something hits you!
* * * LOW HITPOINT WARNING * * *
You writhe in agony.
* * * LOW HITPOINT WARNING * * *
Something hits you but does no damage.
You see here a +0 robe.
Okay, then.
You begin to rise into the air.
Something hits you!
You die...

...............#....†#
..........†....#.....#
....(......##..#.....#
...........'...#.†...#
...........###.#.....########...
###........# #.#..............?.
#......÷.# #.#................
#........# #.#{#..............
#........# #..@#..............
###........#####.#..............
..+..............#............##
##...#...........#............#
#..##.....#######.>..........#
##''##............
#~..####..######## ##__# #.†..#
#⌠⌠# #.##.#


There were no monsters in sight!

Vanquished Creatures
  2 adders
  A worm (D:2)
  A dart slug (D:1)
  An orc (D:3)
  3 ball pythons
  2 endoplasms (D:2)
  4 giant cockroaches
  A goblin (D:2)
  2 hobgoblins
  2 quokkas
  3 bats (D:3)
  5 kobolds
  6 rats
33 creatures vanquished.

Notes
Turn   | Place    | Note
-------+----------+-------------------------------------------
     0 | D:1      | Armakuni the Human Cinder Acolyte began the quest for the
                  | Orb.
     0 | D:1      | Reached XP level 1. HP: 18/18 MP: 2/2
   199 | D:1      | Reached XP level 2. HP: 24/24 MP: 3/3
   593 | D:2      | HP: 1/24 [worm (10)]
   978 | D:2      | Reached skill level 4 in Long Blades
   978 | D:2      | Reached XP level 3. HP: 24/29 MP: 4/4
  1885 | D:3      | Found a stormy altar of Qazlal.
  1885 | D:3      | Found a glowing silver altar of Zin.
  2026 | D:3      | Reached XP level 4. HP: 25/35 MP: 5/5
  2079 | D:3      | Noticed Grinder
  2122 | D:3      | Paralysed by something for 5 turns
  2133 | D:3      | Paralysed by something for 2 turns
  2135 | D:3      | Gained mutation: Potions are less effective at restoring
                  | your health. [potion of mutation]
  2135 | D:3      | Gained mutation: Your system is resistant to poisons.
                  | (rPois) [potion of mutation]
  2135 | D:3      | Gained mutation: You are clumsy. (Dex -2) [potion of
                  | mutation]
  2139 | D:3      | Paralysed by something for 4 turns
  2150 | D:3      | Slain by Grinder

Illustrated notes

Levels and vault maps discovered:
D:1:      nicolae_arrival_somewhat_less_tricky_arrival, layout_rooms
D:2:      layout_basic
D:3:      layout_basic, gammafunk_temple_overflow_wave, minmay_mini_jars,
          uniq_grinder

Skill      XL: |  1  2 |
---------------+-------+-----
Long Blades    | 4 |  4.7
Fighting       | |  3.0
Spellcasting   | |  1.0
Fire Magic     | |  3.0

Action                     |  1- 3 |  4- 6 || total
---------------------------+-------+-------++-------
  Melee: Falchion          |   166 |    29 ||   195
 Invoke: Rising Flame      |       |     1 ||     1
    Use: Scroll            |     6 |       ||     6
         Potion            |       |     4 ||     4
   Stab: Sleeping          |     1 |       ||     1
 Armour: Robe              |    59 |       ||    59
         Ring mail         |     1 |     8 ||     9
         Skin              |       |    21 ||    21
  Dodge: Dodged            |   109 |     7 ||   116
  Block: Other             |     2 |     5 ||     7
